 Dungeon Crawl Stone Soup version 0.28.0-45-g0d030f2227 (webtiles) character file.

Game seed: 855827259995178547

512 NinjaNoafa the Covered (level 7, -1/61 HPs)
             Began as a Hill Orc Fighter on Apr 15, 2022.
             Was an Initiate of Wu Jian.
             Succumbed to Duvessa's poison
             ... on level 4 of the Dungeon.
             The game lasted 00:09:24 (3468 turns).

NinjaNoafa the Covered (Hill Orc Fighter)           Turns: 3468, Time: 00:09:25

Health: -1/61      AC: 15    Str: 21    XL:     7   Next: 19%
Magic:  7/7        EV: 10    Int: 12    God:    Wu Jian [......]
Gold:   127        SH:  0    Dex: 10    Spells: 6/6 levels left

rFire   + . .      SeeInvis .   m - +8 quarterstaff of the Baking Firefly {speed, rElec rN++ Int+4}
rCold   . . .      Faith    .   (shield currently unavailable)
rNeg    + + .      Spirit   .   h - +0 plate armour
rPois   .          Reflect  .   (no helmet)
rElec   +          Harm     .   (no cloak)
rCorr   .          Rampage  .   i - +0 pair of gloves
Will    .....                   s - +0 pair of boots
Stlth   ..........              (no amulet)
HPRegen 0.20/turn               u - ring of protection from fire
MPRegen 0.10/turn               e - +4 ring of evasion

@: lethally poisoned (-1 -> -25), hasted, very quick
A: subdued magic 1
a: Renounce Religion


You were on level 4 of the Dungeon.
You worshipped Wu Jian.
Wu Jian was noncommittal.
You visited 1 branch of the dungeon, and saw 4 of its levels.

You collected 127 gold pieces.

Inventory:

Hand Weapons
 a - a +0 war axe
 b - the +8 scimitar of Welfare {antimagic, rC+ Str+4 Int+2}
   (You acquired it on level 3 of the Dungeon)

   It reduces the magical energy of the wielder, and disrupts the spells and
   magical abilities of those it strikes.
   Natural abilities and divine invocations are not affected.
   Str:       It affects your strength (+4).
   Int:       It affects your intelligence (+2).
   rC:        It protects you from cold.
 m - the +8 quarterstaff of the Baking Firefly (weapon) {speed, rElec rN++ Int+4}
   (You found it on level 4 of the Dungeon)

   Attacks with this weapon are significantly faster.
   Int:       It affects your intelligence (+4).
   rElec:     It insulates you from electricity.
   rN:        It greatly protects you from negative energy.
 o - a +0 dagger of freezing
Missiles
 g - 94 stones (quivered)
 v - 7 poisoned darts
Armour
 c - a +0 buckler
 h - a +0 plate armour (worn)
 i - a +0 pair of gloves (worn)
 s - a +0 pair of boots (worn)
Jewellery
 e - a +4 ring of evasion (right hand)
 u - a ring of protection from fire (left hand)
Wands
 d - a wand of charming (4)
 l - a wand of polymorph (13)
Scrolls
 k - 2 scrolls of fog
 p - 2 scrolls of immolation
Potions
 f - a potion of haste
 j - a potion of attraction


   Skills:
 - Level 5.0 Fighting
 - Level 2.1 Long Blades
 - Level 3.6 Axes
 + Level 2.1 Staves
 + Level 5.5 Armour
 - Level 4.7 Shields
 - Level 0.4 Spellcasting
 - Level 0.9 Earth Magic


You had 6 spell levels left.
You didn't know any spells.
Your spell library contained the following spells:

 Spells                   Type           Power      Damage    Failure   Level
 Sandblast                Erth           2%         2d4       99%         1
 Passwall                 Tmut/Erth      0%         N/A       100%        2
 Sublimation of Blood     Necr           0%         N/A       100%        2
 Wereblood                Tmut           0%         N/A       100%        2
 Stone Arrow              Conj/Erth      2%         3d7       100%        3
 Summon Hydra             Summ           0%         N/A       100%        7


Dungeon Overview and Level Annotations

Branches:
Dungeon (4/15)
 Temple: D:4-7

Altars:
Wu Jian

Annotations:
D:3 Grinder
D:4 Dowan, Duvessa, Menkaure


Innate Abilities, Weirdness & Mutations

Your spells are a little easier to cast, but a little less powerful.


Message History

Duvessa seems to speed up.
You see here a +0 great mace.
Okay, then.
Okay, then.
You hit Duvessa but do no damage.
Duvessa hits you with a +6 short sword of venom.
You are poisoned.
Dowan hits you but does no damage. Duvessa hits you but does no damage.
You are more poisoned.
You hit Dowan.
Dowan is moderately wounded.
You feel very sick.
Duvessa hits you with a +6 short sword of venom!
You are more poisoned.
You sock Duvessa!
Duvessa is moderately wounded.
You feel very sick.
Dowan smirks and points a slender finger.
Dowan hits you but does no damage. Duvessa hits you but does no damage.
You hit Duvessa.
Duvessa is moderately wounded.
You feel very sick.
Duvessa hits you with a +6 short sword of venom.
Dowan hits you with a +0 dagger.
You closely miss Dowan.
Dowan is lightly wounded.
* * * LOW HITPOINT WARNING * * *
You feel very sick. Duvessa hits you but does no damage.
Dowan hits you but does no damage.
You feel yourself speed up.
* * * LOW HITPOINT WARNING * * *
You feel very sick.
Duvessa hits you with a +6 short sword of venom.
* * * LOW HITPOINT WARNING * * *
You are more poisoned.
Dowan barely misses you.
Duvessa hits you with a +6 short sword of venom!
* * * LOW HITPOINT WARNING * * *
Okay, then.
You die...

...# #...## #.#......#
...# #....# #.#.######
...# ######....##
#.#.# ####
...........# #.#.# #
...........#
#.#.###### ####
...........#
#.#[#..... ...#
......e....#
#.#.#.#### ...#
......e..(.# #.#.#.#
...# ........@..#
#.#.#.# ...#
...........## #.#.#.#
...#
##########..####.#.#.#
...# #.....##.#.#.#
...# #.....##.#.#.#
...# #.....##.#.#.#
...# #.....##.#.#.#
...# #.....##.#.#.#
...# #.....##†#.#.#


You could see Duvessa (fast) and Dowan.

Vanquished Creatures
  Sigmund (D:4)
  A necrophage (D:4)
  An ogre (D:4)
  A hound (D:4)
  Ijyb (D:3)
  An iguana (D:4)
  Natasha (D:4)
  2 adders
  A shadow imp (D:3)
  2 worms
  3 dart slugs
  4 endoplasms
  6 giant cockroaches
  6 goblins
  6 jackals
  2 kobolds
  4 quokkas
  5 ball pythons
  3 bats
  2 frilled lizards
  4 rats
57 creatures vanquished.

Notes
Turn   | Place    | Note
-------+----------+-------------------------------------------
     0 | D:1      | NinjaNoafa the Hill Orc Fighter began the quest for the
                  | Orb.
     0 | D:1      | Reached XP level 1. HP: 19/19 MP: 1/1
   139 | D:1      | Reached XP level 2. HP: 24/27 MP: 2/2
   569 | D:1      | Reached XP level 3. HP: 33/33 MP: 3/3
   896 | D:2      | Found an ornate altar of the Wu Jian Council.
   920 | D:2      | Became a worshipper of the Wu Jian Council
  1283 | D:3      | Noticed Ijyb
  1293 | D:3      | Killed Ijyb
  1294 | D:3      | Reached XP level 4. HP: 27/40 MP: 4/4
  1722 | D:3      | Noticed Grinder
  1728 | D:3      | Paralysed by Grinder for 4 turns
  1738 | D:3      | Paralysed by Grinder for 7 turns
  1747 | D:3      | Gained mutation: Your spells are a little easier to cast,
                  | but a little less powerful. [potion of mutation]
  2173 | D:3      | Identified a scroll of acquirement
  2173 | D:3      | Acquired the +8 scimitar of Welfare {antimagic, rC+ Str+4
                  | Int+2}
  2183 | D:3      | Paralysed by Grinder for 7 turns
  3017 | D:4      | Noticed Sigmund
  3017 | D:4      | Noticed Natasha
  3026 | D:4      | Killed Natasha
  3027 | D:4      | Reached XP level 5. HP: 22/47 MP: 1/5
  3032 | D:4      | Killed Sigmund
  3033 | D:4      | Reached skill level 5 in Fighting
  3033 | D:4      | Reached XP level 6. HP: 20/56 MP: 2/6
  3037 | D:4      | Noticed Menkaure
  3044 | D:4      | Identified the +8 quarterstaff of the Baking Firefly
                  | {speed, rElec rN++ Int+4}
  3375 | D:4      | Noticed a necrophage
  3379 | D:4      | Reached skill level 1 in Staves
  3379 | D:4      | Reached skill level 5 in Armour
  3383 | D:4      | Killed a necrophage
  3384 | D:4      | Reached XP level 7. HP: 61/61 MP: 7/7
  3458 | D:4      | Noticed Dowan
  3458 | D:4      | Noticed Duvessa
  3467 | D:4      | HP: 2/61 [Duvessa/+6 short sword of venom (7)]
  3468 | D:4      | Succumbed to Duvessa's poison

Illustrated notes

Levels and vault maps discovered:
D:1:      saegor_arrival_simple_b, layout_loops_cross,
          chequers_serial_rivers_small_a, minmay_misc_feat_nine_boxes,
          minmay_hexomino_p4
D:2:      layout_basic, basic_altar
D:3:      layout_basic, uniq_ijyb, uniq_grinder
D:4:      layout_basic, uniq_menkaure, uniq_duvessa, uniq_sigmund, uniq_natasha

Skill      XL: |  1  2  3  4  5  6  7 |
---------------+----------------------+-----
Axes           | 3 |  3.6
Fighting       | 4 5 |  5.0
Shields        | 4 |  4.7
Armour         | 4 5 |  5.5
Long Blades    | 2 |  2.1
Staves         | 1 2 |  2.1
Spellcasting   | |  0.4
Earth Magic    | |  0.9

Action                   |  1- 3 |  4- 6 |  7- 9 || total
-------------------------+-------+-------+-------++-------
Melee: War axe           |    64 |    29 |       ||    93
       Scimitar          |       |    17 |       ||    17
       Quarterstaff      |       |     8 |    17 ||    25
Invok: Lunge             |     1 |     2 |       ||     3
  Use: Potion            |     1 |     5 |     1 ||     7
       Scroll            |       |    11 |       ||    11
 Stab: Distracted        |       |     1 |       ||     1
Armor: Scale mail        |     8 |       |       ||     8
       Plate armour      |    41 |    30 |     9 ||    80
Dodge: Dodged            |    22 |    19 |     8 ||    49
Block: Buckler           |    18 |     8 |       ||    26
